TOP OF THE 1ST |
Oklahoma Sooners batting - Pitching for Duke Blue Devils : RHP Peter Watson
|
Pitching: RHP Peter Watson
|
|
Batting: SHB Donald Reed
|
0-0: Ball 1-0: Ball 2-0: Swinging Strike 2-1: Foul Ball, location: 2F 2-2: Strikes out swinging
|
Batting: SHB César Álvarez
|
0-0: Ball 1-0: Ball 2-0: Foul Ball, location: 2F 2-1: Fly out, F7 (Flyball, 8LM)
|
Batting: RHB Chris Wilson
|
0-0: Fly out, F6 (Popup, 7LS)
|
Top of the 1st over - 0 run(s), 0 hit(s), 0 error(s), 0 left on base; Oklahoma 0 - Duke 0 |
BOTTOM OF THE 1ST |
Duke Blue Devils batting - Pitching for Oklahoma Sooners : RHP Luis García
|
Pitching: RHP Luis García
|
|
Batting: SHB Luis Zamora
|
0-0: Called Strike 0-1: Ball 1-1: Ball 2-1: Ball 3-1: Base on Balls
|
Batting: LHB Vicente Chávez
|
0-0: Ball 1-0: Fly out, F8 (Flyball, 8RD)
|
Batting: RHB Mike Ingram
|
0-0: Called Strike 0-1: SINGLE (Groundball, 6) Luis Zamora to second
|
Batting: LHB Will Hill
|
0-0: Ball Luis Zamora is caught stealing 3rd base Mike Ingram to second 1-0: Called Strike 1-1: Ball 2-1: Ball 3-1: Base on Balls
|
Batting: LHB Ramón Salazar
|
0-0: Ball 1-0: Foul Ball, location: 2F 1-1: Foul Ball, location: 2F 1-2: Ball 2-2: Ball 3-2: SINGLE (Flyball, 9LS) Mike Ingram to third Will Hill to second Mike Ingram scores Will Hill to third
|
Batting: RHB Mitchell Johnston
|
0-0: Foul Ball, location: 2F 0-1: Ball 1-1: DOUBLE (Line Drive, 7LM) Will Hill scores Ramón Salazar to third Runner from 3rd tries for Home, SAFE, no throw or cutoff
|
Batting: RHB Matt Osborne
|
0-0: Ball 1-0: SINGLE (Line Drive, 6D) Mitchell Johnston to third Runner from 3rd tries for Home, SAFE, no throw or cutoff
|
Batting: SHB Randy Rodríguez
|
0-0: Fly out, F7 (Flyball, 78S)
|
Bottom of the 1st over - 4 run(s), 4 hit(s), 0 error(s), 1 left on base; Oklahoma 0 - Duke 4 |
TOP OF THE 2ND |
Oklahoma Sooners batting - Pitching for Duke Blue Devils : RHP Peter Watson
|
Batting: RHB Cristián López
|
0-0: Foul Ball, location: 2F 0-1: Called Strike 0-2: Ball 1-2: Ball 2-2: SINGLE (Groundball, 56D)
|
Batting: LHB Keith Green
|
0-0: Ball 1-0: Ball 2-0: Fly out, F8 (Popup, 4MD)
|
Batting: SHB Walt Rodgers
|
0-0: Called Strike 0-1: Fly out, F8 (Flyball, 78M)
|
Batting: RHB Dan Mitchell
|
0-0: Ball 1-0: Called Strike 1-1: Foul Ball, location: 2F 1-2: Fly out, F8 (Flyball, 8RM)
|
Top of the 2nd over - 0 run(s), 1 hit(s), 0 error(s), 1 left on base; Oklahoma 0 - Duke 4 |
BOTTOM OF THE 2ND |
Duke Blue Devils batting - Pitching for Oklahoma Sooners : RHP Luis García
|
Batting: SHB Tomás Sánchez
|
0-0: Ball 1-0: Ball 2-0: Foul Ball, location: 2F 2-1: Called Strike 2-2: Foul Ball, location: 2F 2-2: Ball 3-2: Base on Balls
|
Batting: SHB Luis Zamora
|
0-0: TRIPLE (Groundball, 3L) Tomás Sánchez scores
|
Batting: LHB Vicente Chávez
|
0-0: Foul Ball, location: 2F 0-1: Ball 1-1: Ball 2-1: Fly out, F8 (Flyball, 8LM) Runner from 3rd tags up, SCORES, no throw
|
Batting: RHB Mike Ingram
|
0-0: Ball 1-0: Ball 2-0: Foul Ball, location: 2F 2-1: Ball 3-1: Base on Balls
|
Batting: LHB Will Hill
|
0-0: Ball 1-0: Called Strike 1-1: Fly out, F4 (Line Drive, 4)
|
Batting: LHB Ramón Salazar
|
0-0: Ball 1-0: Fielders Choice at 2nd, U6 (Groundball, 6M)
|
Bottom of the 2nd over - 2 run(s), 1 hit(s), 0 error(s), 1 left on base; Oklahoma 0 - Duke 6 |
TOP OF THE 3RD |
Oklahoma Sooners batting - Pitching for Duke Blue Devils : RHP Peter Watson
|
Batting: RHB Ben Fisher
|
0-0: SINGLE (Flyball, 7S)
|
Batting: RHB Kurt Elkins
|
0-0: Called Strike 0-1: Foul Ball, location: 2F 0-2: SINGLE (Line Drive, 34) Ben Fisher to second
|
Batting: SHB Donald Reed
|
0-0: Swinging Strike 0-1: Foul Ball, location: 2F 0-2: Ball 1-2: Ball 2-2: Strikes out swinging
|
Batting: SHB César Álvarez
|
0-0: Called Strike 0-1: Called Strike 0-2: Foul Ball, location: 2F 0-2: Strikes out swinging
|
Batting: RHB Chris Wilson
|
0-0: Fly out, F9 (Flyball, 89M)
|
Top of the 3rd over - 0 run(s), 2 hit(s), 0 error(s), 2 left on base; Oklahoma 0 - Duke 6 |
BOTTOM OF THE 3RD |
Duke Blue Devils batting - Pitching for Oklahoma Sooners : RHP Luis García
|
Batting: RHB Mitchell Johnston
|
0-0: Ground out 4-3 (Groundball, 4)
|
Batting: RHB Matt Osborne
|
0-0: Called Strike 0-1: Ball 1-1: Foul Ball, location: 2F 1-2: Foul Ball, location: 2F 1-2: Strikes out swinging
|
Batting: SHB Randy Rodríguez
|
0-0: Called Strike 0-1: Foul Ball, location: 2F 0-2: Foul Ball, location: 2F 0-2: Strikes out swinging
|
Bottom of the 3rd over - 0 run(s), 0 hit(s), 0 error(s), 0 left on base; Oklahoma 0 - Duke 6 |
TOP OF THE 4TH |
Oklahoma Sooners batting - Pitching for Duke Blue Devils : RHP Peter Watson
|
Batting: RHB Cristián López
|
0-0: Ball 1-0: Swinging Strike 1-1: Ball 2-1: Foul Ball, location: 2F 2-2: Strikes out swinging
|
Batting: LHB Keith Green
|
0-0: Ball 1-0: Ball 2-0: SINGLE (Groundball, 6MD)
|
Batting: SHB Walt Rodgers
|
0-0: Ball 1-0: Ball 2-0: Ball 3-0: Called Strike 3-1: Base on Balls Keith Green to second
|
Batting: RHB Dan Mitchell
|
0-0: SINGLE (Flyball, 7LM) Keith Green to third Walt Rodgers to second
|
Batting: RHB Ben Fisher
|
0-0: Called Strike 0-1: Ball 1-1: Foul Ball, location: 2F 1-2: Strikes out swinging
|
Batting: RHB Kurt Elkins
|
0-0: Called Strike 0-1: Ball 1-1: Foul Ball, location: 2F 1-2: Foul Ball, location: 2F 1-2: Ball 2-2: Ball 3-2: Ground out 5-3 (Groundball, 5)
|
Top of the 4th over - 0 run(s), 2 hit(s), 0 error(s), 3 left on base; Oklahoma 0 - Duke 6 |
BOTTOM OF THE 4TH |
Duke Blue Devils batting - Pitching for Oklahoma Sooners : RHP Luis García
|
Batting: SHB Tomás Sánchez
|
0-0: Ball 1-0: Ball 2-0: Foul Ball, location: 2F 2-1: Fly out, F6 (Popup, 6MS)
|
Batting: SHB Luis Zamora
|
0-0: Foul Ball, location: 2F 0-1: Swinging Strike 0-2: Ball 1-2: Foul Ball, location: 2F 1-2: Ball 2-2: Strikes out swinging
|
Batting: LHB Vicente Chávez
|
0-0: Ball 1-0: Ball 2-0: Foul Ball, location: 2F 2-1: Ball 3-1: Foul Ball, location: 2F 3-2: SOLO HOME RUN (Flyball, 89XD), Distance : 379 ft
|
Batting: RHB Mike Ingram
|
0-0: Ground out 6-3 (Groundball, 6)
|
Bottom of the 4th over - 1 run(s), 1 hit(s), 0 error(s), 0 left on base; Oklahoma 0 - Duke 7 |
TOP OF THE 5TH |
Oklahoma Sooners batting - Pitching for Duke Blue Devils : RHP Peter Watson
|
Batting: SHB Donald Reed
|
0-0: Called Strike 0-1: Ball 1-1: Swinging Strike 1-2: Ball 2-2: Strikes out swinging
|
Batting: SHB César Álvarez
|
0-0: Ball 1-0: Ball 2-0: Swinging Strike 2-1: Ball 3-1: Base on Balls
|
Batting: RHB Chris Wilson
|
0-0: Ball 1-0: Foul Ball, location: 2F 1-1: Swinging Strike 1-2: SINGLE (Groundball, 4S) César Álvarez to second Runner from 2nd tries for 3rd, OUT! Chris Wilson to second
|
Batting: RHB Cristián López
|
0-0: Called Strike 0-1: Foul Ball, location: 2F 0-2: Ball 1-2: Ball 2-2: Strikes out swinging
|
Top of the 5th over - 0 run(s), 1 hit(s), 0 error(s), 1 left on base; Oklahoma 0 - Duke 7 |
BOTTOM OF THE 5TH |
Duke Blue Devils batting - Pitching for Oklahoma Sooners : RHP Luis García
|
Batting: LHB Will Hill
|
0-0: Called Strike 0-1: SOLO HOME RUN (Flyball, 9D), Distance : 359 ft
|
Pitching: LHP Bob Pitchforth
|
|
Batting: LHB Ramón Salazar
|
0-0: Ball 1-0: SINGLE (Line Drive, 78S)
|
Batting: RHB Mitchell Johnston
|
0-0: Ball 1-0: Ball 2-0: SINGLE (Groundball, 56) Ramón Salazar to second
|
Batting: RHB Matt Osborne
|
0-0: Ball 1-0: Ball 2-0: Ball 3-0: Base on Balls Ramón Salazar to third Mitchell Johnston to second
|
Batting: SHB Randy Rodríguez
|
0-0: Foul Ball, location: 2F 0-1: Ball 1-1: Called Strike 1-2: Ball 2-2: Ball 3-2: Strikes out swinging
|
Batting: SHB Tomás Sánchez
|
0-0: Foul Ball, location: 2F 0-1: Called Strike 0-2: Foul Ball, location: 2F 0-2: Foul Ball, location: 2F 0-2: Foul Ball, location: 2F 0-2: Ball 1-2: Strikes out swinging
|
Batting: SHB Luis Zamora
|
0-0: Ball 1-0: Foul Ball, location: 2F 1-1: Ball 2-1: Foul Ball, location: 2F 2-2: Ball 3-2: Strikes out swinging
|
Bottom of the 5th over - 1 run(s), 3 hit(s), 0 error(s), 3 left on base; Oklahoma 0 - Duke 8 |
TOP OF THE 6TH |
Oklahoma Sooners batting - Pitching for Duke Blue Devils : RHP Peter Watson
|
Pitching: RHP Mark Owens
|
|
Batting: LHB Keith Green
|
0-0: Ball 1-0: Ball 2-0: Ball 3-0: Called Strike 3-1: Called Strike 3-2: Base on Balls
|
Batting: SHB Walt Rodgers
|
0-0: Ball Keith Green steals 2nd base 1-0: Ground out 5-3 (Groundball, 5)
|
Batting: RHB Dan Mitchell
|
0-0: Ball 1-0: Ground out 5-3 (Groundball, 56)
|
Batting: RHB Ben Fisher
|
0-0: Ball 1-0: Foul Ball, location: 2F 1-1: Ball 2-1: Ball 3-1: Called Strike 3-2: Base on Balls
|
Batting: RHB Kurt Elkins
|
0-0: TRIPLE (Flyball, 8RM) Keith Green scores Ben Fisher scores
|
Batting: SHB Donald Reed
|
0-0: Called Strike 0-1: SINGLE (Groundball, 4M) Kurt Elkins scores
|
Batting: SHB César Álvarez
|
0-0: Called Strike 0-1: Ground out 1-3 (Groundball, 13)
|
Top of the 6th over - 3 run(s), 2 hit(s), 0 error(s), 1 left on base; Oklahoma 3 - Duke 8 |
BOTTOM OF THE 6TH |
Duke Blue Devils batting - Pitching for Oklahoma Sooners : LHP Bob Pitchforth
|
Batting: LHB Vicente Chávez
|
0-0: Called Strike 0-1: SINGLE (Line Drive, 34)
|
Batting: RHB Mike Ingram
|
0-0: Called Strike 0-1: Called Strike 0-2: SINGLE (Flyball, 8LS) Vicente Chávez to second Runner from 2nd tries for 3rd, SAFE, throw made to third Mike Ingram to second
|
Pinch Runner at 3rd Arturo Mesa:
|
|
Batting: LHB Will Hill
|
0-0: Ball 1-0: Called Strike 1-1: Foul Ball, location: 2F 1-2: Fly out, F6 (Popup, 6MD)
|
Batting: LHB Ramón Salazar
|
0-0: Ball 1-0: SINGLE (Line Drive, 56) Arturo Mesa scores Mike Ingram to third
|
Batting: RHB Mitchell Johnston
|
0-0: Called Strike Ramón Salazar steals 2nd base 0-1: Swinging Strike 0-2: Strikes out swinging
|
Batting: RHB Matt Osborne
|
0-0: Called Strike 0-1: Ball 1-1: Swinging Strike 1-2: Ball 2-2: Ball 3-2: Base on Balls
|
Batting: SHB Randy Rodríguez
|
0-0: Fly out, F7 (Line Drive, 7M)
|
Bottom of the 6th over - 1 run(s), 3 hit(s), 0 error(s), 3 left on base; Oklahoma 3 - Duke 9 |
TOP OF THE 7TH |
Oklahoma Sooners batting - Pitching for Duke Blue Devils : RHP Mark Owens
|
Now at 1B: Arturo Mesa
|
|
Batting: RHB Chris Wilson
|
0-0: Ball 1-0: Fly out, F5 (Popup, 25F)
|
Batting: RHB Cristián López
|
0-0: SOLO HOME RUN (Flyball, 78XD), Distance : 362 ft
|
Pitching: RHP Ramón Rodríguez
|
|
Batting: LHB Keith Green
|
0-0: Foul Ball, location: 2F 0-1: Called Strike 0-2: Ball 1-2: Ball 2-2: Ball 3-2: Strikes out swinging
|
Batting: SHB Walt Rodgers
|
0-0: Swinging Strike 0-1: Swinging Strike 0-2: Ball 1-2: SINGLE (Groundball, 4M)
|
Batting: RHB Dan Mitchell
|
0-0: Ball 1-0: Ball 2-0: Ball 3-0: Called Strike 3-1: Foul Ball, location: 2F 3-2: Base on Balls Walt Rodgers to second
|
Batting: RHB Ben Fisher
|
0-0: Called Strike 0-1: Ball 1-1: Called Strike 1-2: Ball 2-2: Strikes out swinging
|
Top of the 7th over - 1 run(s), 2 hit(s), 0 error(s), 2 left on base; Oklahoma 4 - Duke 9 |
BOTTOM OF THE 7TH |
Duke Blue Devils batting - Pitching for Oklahoma Sooners : LHP Bob Pitchforth
|
Pitching: RHP Alex Hicks
|
|
Batting: SHB Tomás Sánchez
|
0-0: Ball 1-0: Ball 2-0: Foul Ball, location: 2F 2-1: Ball 3-1: Base on Balls
|
Batting: SHB Luis Zamora
|
0-0: Hit by Pitch Tomás Sánchez to second
|
Batting: RHB Arturo Mesa
|
0-0: Ball 1-0: Ball 2-0: Called Strike 2-1: Swinging Strike 2-2: Foul Ball, location: 2F 2-2: Foul Ball, location: 2F 2-2: Strikes out looking
|
Batting: RHB Mike Ingram
|
0-0: Grounds into double play, U6-3 (Groundball, 6M)
|
Bottom of the 7th over - 0 run(s), 0 hit(s), 0 error(s), 1 left on base; Oklahoma 4 - Duke 9 |
TOP OF THE 8TH |
Oklahoma Sooners batting - Pitching for Duke Blue Devils : RHP Ramón Rodríguez
|
Now in CF: Jake Belcher
|
|
Batting: RHB Kurt Elkins
|
0-0: Ball 1-0: Ball 2-0: Called Strike 2-1: Called Strike 2-2: Ball 3-2: Foul Ball, location: 2F 3-2: Base on Balls
|
Batting: SHB Donald Reed
|
0-0: Foul Ball, location: 2F 0-1: Foul Ball, location: 2F 0-2: Foul Ball, location: 2F 0-2: Ball 1-2: Strikes out swinging
|
Batting: SHB César Álvarez
|
0-0: Ball 1-0: Called Strike 1-1: Swinging Strike 1-2: Ball 2-2: Strikes out swinging
|
Batting: RHB Chris Wilson
|
0-0: Called Strike 0-1: Called Strike 0-2: Ball 1-2: Strikes out swinging
|
Top of the 8th over - 0 run(s), 0 hit(s), 0 error(s), 1 left on base; Oklahoma 4 - Duke 9 |
BOTTOM OF THE 8TH |
Duke Blue Devils batting - Pitching for Oklahoma Sooners : RHP Alex Hicks
|
Batting: LHB Will Hill
|
0-0: Called Strike 0-1: Ball 1-1: Foul Ball, location: 2F 1-2: Ball 2-2: Strikes out swinging
|
Batting: LHB Ramón Salazar
|
0-0: SINGLE (Groundball, 23) (infield hit)
|
Batting: RHB Mitchell Johnston
|
0-0: Ball 1-0: Ball 2-0: Called Strike 2-1: Swinging Strike 2-2: Strikes out swinging
|
Batting: RHB Matt Osborne
|
0-0: Ball 1-0: Called Strike 1-1: Foul Ball, location: 2F 1-2: Foul Ball, location: 2F 1-2: Fly out, F3 (Popup, 3F)
|
Bottom of the 8th over - 0 run(s), 1 hit(s), 0 error(s), 1 left on base; Oklahoma 4 - Duke 9 |
TOP OF THE 9TH |
Oklahoma Sooners batting - Pitching for Duke Blue Devils : RHP Ramón Rodríguez
|
Pitching: RHP Matt Phillips
|
|
Batting: RHB Cristián López
|
0-0: Called Strike 0-1: Swinging Strike 0-2: Ball 1-2: Ball 2-2: Foul Ball, location: 2F 2-2: SOLO HOME RUN (Flyball, 7LD), Distance : 335 ft
|
Batting: LHB Keith Green
|
0-0: Called Strike 0-1: Ball 1-1: Swinging Strike 1-2: Ground out 1-3 (Groundball, 15S)
|
Batting: SHB Walt Rodgers
|
0-0: Ball 1-0: Swinging Strike 1-1: Foul Ball, location: 2F 1-2: Ball 2-2: Ball 3-2: Base on Balls
|
Batting: RHB Dan Mitchell
|
0-0: Ball 1-0: Ball 2-0: Grounds into double play, 6-4-3 (Groundball, 6)
|
Top of the 9th over - 1 run(s), 1 hit(s), 0 error(s), 0 left on base; Oklahoma 5 - Duke 9 |
|